 Dungeon Crawl Stone Soup version 0.29.1-15-g9cfb28693d (webtiles) character file.

Game seed: 15757464929296896158

235 protoss039 the Digger (level 5, -4/61 HPs)
             Began as a Demonspawn Earth Elementalist on Mar 25, 2023.
             Engulfed by a steam dragon's steam (12 damage)
             ... on level 4 of the Dungeon.
             The game lasted 00:06:16 (3611 turns).

protoss039 the Digger (DsEE)                        Turns: 3611, Time: 00:06:17

Health: -4/61      AC:  8    Str:  9    XL:     5   Next: 76%
Magic:  18/19      EV: 10    Int: 18    God:
Gold:   182        SH:  0    Dex: 13    Spells: 8/11 levels left

rFire   . . .      SeeInvis .   t - +8 Vampire's Tooth {vamp}
rCold   . . .      Faith    .   (no shield)
rNeg    . . .      Spirit   .   i - +0 ring mail
rPois   .          Reflect  .   (no helmet)
rElec   .          Harm     .   f - +0 cloak
rCorr   .          Rampage  .   (no gloves)
Will    +....                   (no boots)
Stlth   ..........              (no amulet)
HPRegen 0.20/turn               a - ring of willpower
MPRegen 0.16/turn               k - ring of magical power

@: berserking, very quick
A: slimy green scales 1
a: no special abilities


You were on level 4 of the Dungeon.
You visited 1 branch of the dungeon, and saw 4 of its levels.

You collected 182 gold pieces.

Inventory:

Hand Weapons
 t - the +8 Vampire's Tooth (weapon) {vamp}
   (You found it on level 3 of the Dungeon)

   It occasionally heals its wielder for the full amount of damage dealt when it
   wounds a living foe.
Missiles
 c - 16 poisoned darts
Armour
 f - a +0 cloak (worn)
 i - a +0 ring mail (worn)
Jewellery
 a - a ring of willpower (left hand)
 k - a ring of magical power (right hand)
Wands
 n - a wand of charming (5)
Scrolls
 e - a scroll of immolation {unknown}
 g - a scroll of summoning {unknown}
 h - 3 scrolls of magic mapping {unknown}
 j - 2 scrolls of teleportation
 l - a scroll of amnesia {unknown}
 m - a scroll of enchant weapon {unknown}
 p - a scroll of poison {unknown}
 r - a scroll of torment {unknown}
 s - 2 scrolls of identify {unknown}
Potions
 b - a potion of magic
 d - 2 potions of mutation {unknown}
 o - 3 potions of curing {unknown}
 q - a potion of lignification {unknown}
 u - a potion of brilliance {unknown}


   Skills:
 + Level 3.0 Fighting
 - Level 1.7 Dodging
 - Level 1.7 Stealth
 + Level 3.5 Spellcasting
 - Level 0.8 Transmutations
 + Level 4.0 Earth Magic


You had 8 spell levels left.
You knew the following spells:

 Your Spells              Type           Power      Damage    Failure   Level
a - Sandblast             Erth           34%        2d9       9%          1
b - Passwall              Tmut/Erth      10%        N/A       24%         2

Your spell library contained the following spells:

 Spells                   Type           Power      Damage    Failure   Level
 Apportation              Tloc           6%         N/A       41%         1
 Necrotise                Necr           12%        1d4       41%         1
 Summon Small Mammal      Summ           12%        N/A       41%         1
 Wereblood                Tmut           6%         N/A       41%         2
 Stone Arrow              Conj/Erth      20%        3d8       50%         3
 Sublimation of Blood     Necr           3%         N/A       54%         2
 Petrify                  Tmut/Erth      12%        N/A       83%         4
 Summon Hydra             Summ           1%         N/A       100%        7


Dungeon Overview and Level Annotations

Branches:
Dungeon (4/15) Zot: 20347
 Temple: D:4-7

Altars:

Annotations:
D:2 Robin


Innate Abilities, Weirdness & Mutations

You are partially covered in slimy green scales. (AC +2)


Message History

Unknown command.
s - 2 scrolls labelled IKIN HEDISOSS (gained 1)
You now have 168 gold pieces (gained 15).
Found a stone staircase leading down.
You now have 182 gold pieces (gained 14).
A steam dragon comes into view.
Found a tower shield.
The steam dragon hisses angrily.
A steam dragon is nearby!
The steam dragon bites you but does no damage.
The steam dragon barely misses you.
A steam dragon is nearby!
You puncture the steam dragon!
The steam dragon is moderately wounded.
The steam dragon breathes steam at you. The ball of steam hits you.
You're standing in a cloud of steam!
You puncture the steam dragon!
The steam dragon is heavily wounded.
You are engulfed in a cloud of scalding steam.
The steam dragon bites you!
The steam dragon claws you but does no damage.
Unknown command.
Casting: Sandblast (safe; 9% risk of failure)
Confirm with . or Enter, or press ? or * to list all spells.
Aiming: Sandblast (safe; 9% risk of failure)
Press: ? - help, Shift-Dir - straight line, f - steam dragon
Aim: a steam dragon (heavily wounded, catching its breath, 82% to hit)
The blast of sand hits the steam dragon.
The steam dragon is severely wounded.
You are engulfed in a cloud of scalding steam.
* * * LOW HITPOINT WARNING * * *
The steam dragon bites you!
* * * LOW HITPOINT WARNING * * *
The steam dragon claws you but does no damage.
Unknown command.
A red film seems to cover your vision as you go berserk!
You feel yourself moving faster!
You feel mighty!
You are engulfed in a cloud of scalding steam.
You die...

#####.#.#.# ........
#.......#.# ###.####..
......#.# .......#>.
.#.###...#># .......#..
.........#.####.......#.<
#.####.......+.......+..
#.##....#.......#..
#§#####..## .....
#§@D..##..######...
#####[###..##......
##......... #.........
##........ #.#......
#.#...... ####.#......
#...........


You could see a steam dragon (catching breath).

Vanquished Creatures
  A necrophage (D:3)
  A scorpion (D:4)
  2 adders (D:3)
  2 worms (D:3)
  2 dart slugs
  2 orcs (D:4)
  8 endoplasms
  4 giant cockroaches
  7 goblins
  6 hobgoblins
  2 jackals (D:4)
  4 kobolds
  A quokka (D:3)
  6 bats
  2 frilled lizards (D:1)
  3 rats
53 creatures vanquished.

Vanquished Creatures (collateral kills)
  An orc priest (D:4)
  2 orcs (D:4)
  A hobgoblin (D:4)
4 creatures vanquished.

Vanquished Creatures (others)
  A kobold brigand (D:4)
  A plant (D:2)
2 creatures vanquished.

Grand Total: 59 creatures vanquished

Notes
Turn   | Place    | Note
-------+----------+-------------------------------------------
     0 | D:1      | protoss039 the Demonspawn Earth Elementalist began the
                  | quest for the Orb.
     0 | D:1      | Reached XP level 1. HP: 13/13 MP: 3/3
   442 | D:1      | Gained mutation: You are partially covered in slimy green
                  | scales. (AC +2) [demonic ancestry]
   442 | D:1      | Reached XP level 2. HP: 20/20 MP: 0/5
   589 | D:1      | Reached skill level 1 in Fighting
   815 | D:1      | Reached skill level 3 in Earth Magic
  1044 | D:2      | Learned a level 2 spell: Passwall
  1059 | D:2      | Found a faded altar of an unknown god.
  1374 | D:2      | Reached XP level 3. HP: 26/26 MP: 2/6
  1426 | D:2      | Noticed Robin
  2375 | D:3      | Noticed a necrophage
  2379 | D:3      | Killed a necrophage
  2380 | D:3      | Reached XP level 4. HP: 34/34 MP: 3/8
  2481 | D:3      | Found the +8 Vampire's Tooth {vamp}
  2942 | D:4      | Noticed a kobold brigand
  2989 | D:4      | Reached XP level 5. HP: 16/39 MP: 9/9
  3283 | D:4      | Reached skill level 4 in Earth Magic
  3606 | D:4      | Noticed a steam dragon
  3611 | D:4      | Engulfed by a steam dragon's steam

Illustrated notes

Levels and vault maps discovered:
D:1:      elethiomel_arrival_infinity_welcomes_careful_drivers, layout_basic
D:2:      layout_basic, shapermc_ecumenical_altar_mp_ritualfount, hex_large,
          minmay_pentomino_pile, uniq_robin
D:3:      layout_basic, serial_glass, glass_columns_c, glass_columns_a,
          minmay_stone_trees_small, nicolae_underground_beach
D:4:      layout_basic, dk_noncrumbling_2, minmay_misc_feat_enclosed,
          minmay_goblin_kobold_house

Skill      XL: |  1  2  3  4  5 |
---------------+----------------+-----
Fighting       | 1 2 3 |  3.0
Earth Magic    | 3 4 |  4.0
Spellcasting   | 3 |  3.5
Dodging        | |  1.7
Stealth        | |  1.7
Transmutations | |  0.8

Action                   |  1- 3 |  4- 6 || total
-------------------------+-------+-------++-------
Melee: Spear             |    45 |       ||    45
       Quick blade       |       |    10 ||    10
 Cast: Sandblast         |    56 |    28 ||    84
Evoke: Wand              |       |     2 ||     2
  Use: Scroll            |       |     1 ||     1
       Potion            |       |     1 ||     1
 Stab: Sleeping          |     3 |       ||     3
Armor: Robe              |     3 |       ||     3
       Ring mail         |    31 |    20 ||    51
Dodge: Dodged            |    36 |    16 ||    52
